 Dungeon Sprint DCSS version 0.24-a0-246-gb963c9a (webtiles) character file.

Game seed: 17713751840684745524

249 MikeHunt the Thrower (level 6, -5/88 HPs)
             Began as an Ogre Hunter on Apr 12, 2019.
             Slain by a human
             ... wielding a +0 mace
              (18 damage)
             ... in the Dungeon (Sprint III: "The Ten Rune Challenge").
             The game lasted 00:02:35 (386 turns).

MikeHunt the Thrower (Ogre Hunter)                   Turns: 386, Time: 00:02:35

Health: -5/88      AC:  4    Str: 24    XL:     6   Next: 12%
Magic:  6/6        EV: 10    Int: 12    God:
Gold:   17         SH:  0    Dex: 11    Spells: 5/5 levels left

rFire    . . .     SeeInvis .   a - +0 short sword
rCold    . . .     Gourm    .   (no shield)
rNeg     . . .     Faith    .   b - +0 robe
rPois    .         Spirit   .   (helmet restricted)
rElec    .         Reflect  .   (no cloak)
rCorr    .         Harm     .   (gloves unavailable)
MR       .....     NoTele   +   (boots unavailable)
Stlth    ..........             (no amulet)
HPRegen  0.24/turn              (no ring)
MPRegen  0.10/turn              (no ring)

@: berserking (expiring), very quick
A: large, unfitting armour, icy blue scales 1, deformed body, strong 1, tough
skin 1
a: no special abilities


You were in the Dungeon.
You were not hungry.

You visited 1 branch You collected 17 gold pieces.

Inventory:

Hand Weapons
 a - a +0 short sword (weapon)
Armour
 b - a +0 robe (worn)
Scrolls
 k - a scroll of blinking
 l - 2 scrolls of remove curse {unknown}
 m - a scroll of holy word {unknown}
 n - 2 scrolls of identify {unknown}
 o - 3 scrolls of enchant weapon {unknown}
 q - a scroll of immolation {unknown}
 r - a scroll of fog {unknown}
Potions
 e - a potion of curing
 g - a potion of heal wounds
 h - a potion of haste
 i - 2 potions of magic
 p - 3 potions of flight
 s - 4 potions of mutation
Comestibles
 f - 3 rations


   Skills:
 - Level 2.6 Fighting
 + Level 12.5 Throwing
 - Level 1.7 Dodging
 - Level 0.6 Stealth


You had 5 spell levels left.
You didn't know any spells.
Your spell library was empty.

Dungeon Overview and Level Annotations

Branches:
Dungeon (1/1)

Altars:
Okawaru
Trog
Uskayaw
Wu Jian
Beogh


Innate Abilities, Weirdness & Mutations

You are too large for most types of armour.
You have tough skin. (AC +1)
You are partially covered in icy blue scales. (AC +2)
Armour fits poorly on your strangely shaped body.
Your muscles are strong. (Str +2)


Message History

Your Throwing skill gained 2 levels and is now at level 12!
You have reached level 5!
You have reached level 6!
Your experience leads to an increase in your attributes!
Your base attributes are Str 16, Int 12, Dex 10.
Increase (S)trength, (I)ntelligence, or (D)exterity?
You feel agile.
You feel stronger. The human hits you with a +0 mace.
You barely miss the human. The human hits you with a +0 mace.
You hit the human.
The human is lightly wounded.
The human barely misses you.
You closely miss the human.
The human is lightly wounded.
The human hits you with a +0 mace!
* * * LOW HITPOINT WARNING * * *
You puncture the human!
The human is moderately wounded.
The human hits you with a +0 mace!!
You die...

▓▓▓▓ ▓▓▓ )..#### ##.#
#### ......#####..# ___#
...)...#..#..# __.
#.##...#..#..###+#(###+##
#.###..##'#..#..@(.....(#
##.##..###...'.⌠.p......#
..##..####...#...######+#
..##..###....#.⌠.#
.##...##.....#...#
##....#......#+###
##..##.#.....# #..
####....# ▓▓▓ ▓▓▓▓▓▓


You could see a human (berserk).

Vanquished Creatures
  A water elemental (D)
  Jessica (D)
  2 humans (D)
  An ooze (D)
  A phantom (D)
  2 rats (D)
8 creatures vanquished.

Vanquished Creatures (others)
  2 draconian scorchers (D)
  6 hellions (D)
  A yaktaur (D)
9 creatures vanquished.

Grand Total: 17 creatures vanquished

Notes
Turn   | Place    | Note
-------+----------+-------------------------------------------
     0 | D        | MikeHunt the Ogre Hunter began the quest for the Orb.
     0 | D        | Reached XP level 1. HP: 22/22 MP: 1/1
    17 | D        | Reached skill level 5 in Throwing
    30 | D        | Noticed Jessica
    32 | D        | Killed Jessica
    32 | D        | Reached skill level 7 in Throwing
    32 | D        | Reached XP level 2. HP: 25/29 MP: 2/2
    32 | D        | Reached XP level 3. HP: 31/36 MP: 3/3
   101 | D        | Reached skill level 8 in Throwing
   104 | D        | Killed a hellion
   111 | D        | Killed a hellion
   111 | D        | Killed a hellion
   119 | D        | Killed a hellion
   165 | D        | Killed a hellion
   168 | D        | Killed a white draconian scorcher
   168 | D        | Killed a hellion
   179 | D        | Killed a white draconian scorcher
   346 | D        | Gained mutation: Armour fits poorly on your strangely
                  | shaped body. [potion of mutation]
   346 | D        | Gained mutation: You are partially covered in icy blue
                  | scales. (AC +2) [potion of mutation]
   346 | D        | Gained mutation: Your muscles are strong. (Str +2) [potion
                  | of mutation]
   354 | D        | Killed a yaktaur
   355 | D        | Noticed a water elemental
   357 | D        | Killed a water elemental
   357 | D        | Reached skill level 10 in Throwing
   357 | D        | Reached XP level 4. HP: 39/44 MP: 4/4
   365 | D        | Found a hide-covered altar of Uskayaw.
   365 | D        | Found a roughly hewn altar of Beogh.
   365 | D        | Found an iron altar of Okawaru.
   365 | D        | Found a bloodstained altar of Trog.
   365 | D        | Found an ornate altar of the Wu Jian Council.
   365 | D        | Noticed a human
   365 | D        | Noticed a human
   382 | D        | Killed a human
   382 | D        | Reached skill level 12 in Throwing
   382 | D        | Reached XP level 5. HP: 33/50 MP: 5/5
   382 | D        | Reached XP level 6. HP: 38/59 MP: 6/6
   386 | D        | Slain by a human

Levels and vault maps discovered:
D:        dungeon_sprint_mu [sprint_mu_entry_cave, sprint_mu_temple_rooms,
          sprint_mu_d1_spiders, sprint_mu_d2_genie, sprint_mu_d3_branching,
          sprint_mu_orc_legion, sprint_mu_elf_gauntlet, sprint_mu_hive_nellie,
          sprint_mu_lair_fedhas, sprint_mu_vaults_butterflies,
          sprint_mu_slime_circle, sprint_mu_shoals_archi,
          sprint_mu_snake_twists, sprint_mu_blade_basic, sprint_mu_crypt_lich,
          sprint_mu_tomb_spiral, sprint_mu_vestibule_basic,
          sprint_mu_gehenna_hellfire, sprint_mu_dis_giant,
          sprint_mu_tartarus_statrot, sprint_mu_cocytus_islands, sprint_mu_zot1]

Skill      XL: |  1  2  3  4 |
---------------+-------------+-----
Throwing       | 7 10 12 | 12.5
Fighting       | |  2.6
Dodging        | |  1.7
Stealth        | |  0.6

Action                   |  1- 3 |  4- 6 || total
-------------------------+-------+-------++-------
Melee: Short sword       |    17 |    12 ||    29
Throw: Large rock        |    11 |     5 ||    16
       Throwing net      |     2 |     2 ||     4
  Use: Potion            |     1 |     1 ||     2
 Stab: Sleeping          |     1 |       ||     1
Armor: Robe              |     4 |     2 ||     6
Dodge: Dodged            |     6 |     8 ||    14

Table legend:
 A = Non-vault XP
 B = Vault XP
 C = Vault XP percentage of total XP
 D = Non-vault monster count
 E = Vault monster count
 F = Vault count percentage of total count
                 A         B        C        D         E       F
            +---------+---------+-------+---------+---------+-------
      Total |       0 |     357 | 100.0 |       0 |       8 | 100.0
            +---------+---------+-------+---------+---------+-------
          D |       0 |     357 | 100.0 |       0 |       8 | 100.0
            +---------+---------+-------+---------+---------+-------
